 Dungeon Crawl Stone Soup version 0.31-a0-986-g5e6e4ef867 (webtiles) character file.

Game seed: 4185031022948905610

86 Gelion the Insei (level 4, 0/29 HPs)
             Began as an Octopode Shapeshifter on Nov 18, 2023.
             Slain by an orc
             ... wielding a +2 trident of freezing
              (2 damage)
             ... on level 2 of the Dungeon on Nov 21, 2023.
             The game lasted 00:06:25 (2308 turns).

Gelion the Insei (Octopode Shapeshifter)            Turns: 2308, Time: 00:06:27

Health: 0/29       AC:  1    Str: 13    XL:     4   Next: 50%
Magic:  4/4        EV: 13    Int: 18    God:
Gold:   135        SH:  5    Dex: 13    Spells: 3/3 levels left

rFire   . .          .
                       - Unarmed
rCold   . . .        (no shield)
rNeg    . . .        (helmet currently unavailable)
rPois   .            k - amulet of reflection
rElec   .            g - +6 ring of intelligence
rCorr   .            e - ring of wizardry
SInv    .            (no ring)
Will    .....        (no ring)
Stlth   ++           (no ring)
HPRegen 0.24/turn    (no ring)
MPRegen 0.09/turn    (no ring)
                     (no ring)

%: reflection, wizardry (x1)
@: beast-form
A: beast (slay +2), almost no armour, amphibious, 8 rings, camouflage 1,
gelatinous body 1, (nimble swimmer 1), tentacles
a: Begin Untransformation


You were on level 2 of the Dungeon.
You were a hulking beast.
You visited 1 branch of the dungeon, and saw 3 of its levels.

You collected 135 gold pieces.

Inventory:

Jewellery
 e - a ring of wizardry (right tentacle)
 g - a +6 ring of intelligence (left tentacle)
 k - an amulet of reflection (around mantle)
Talismans
 b - a beast talisman
 c - a flux talisman
 j - a dragon-blood talisman
Scrolls
 d - a scroll of enchant armour
 n - 3 scrolls of teleportation
Potions
 a - 2 potions of lignification
 f - a potion of cancellation {unknown}
 h - a potion of brilliance {unknown}
 i - a potion of might {unknown}
 l - a potion of haste {unknown}
 m - a potion of heal wounds {unknown}
 o - a potion of curing {unknown}


   Skills:
 + Level 2.1 Fighting
 - Level 2.0 Dodging
 * Level 4.2 Unarmed Combat
 + Level 3.5 Shapeshifting


You had 3 spell levels left.
You didn't know any spells.
Your spell library contained the following spells:

 Spells                   Type           Power      Damage    Failure   Level
 Volatile Blastmotes      Fire/Tloc      0%         2d10      26%         3
 Fulminant Prism          Conj/Hex       0%         3d5       61%         4
 Iskenderun's Mystic Bla  Conj/Tloc      0%         2d3       61%         4


Dungeon Overview and Level Annotations

Branches:
Dungeon (3/15)

Altars:


Innate Abilities, Weirdness & Mutations

You are a hulking beast.
Your limbs bulge with bestial killing power. (Slay +2)
You cannot wear most types of armour.
You are amphibious.
You can wear up to eight rings at the same time.
Your skin changes colour to match your surroundings (Stealth+).
Your rubbery body absorbs attacks. (AC +1, EV +1)
((You are camouflaged when in or above water. (Stealth+)))
You have tentacles for arms and can constrict up to eight enemies at once.


Message History

The orc hits you from afar with a +2 trident of freezing!
The orc freezes you.
The orc wizard hits you with a +0 dagger.
* * * LOW HITPOINT WARNING * * *
You feel less confused.
There is a stone staircase leading up here.
You climb upwards.
There is a stone staircase leading down here.
You start resting.
HP restored.
You climb downwards.
There is a stone staircase leading up here.
A hobgoblin comes into view.
The hobgoblin moves out of view.
A hobgoblin and an endoplasm come into view.
Found 3 poisoned darts.
You tentacle-slap the hobgoblin. Your grab misses the hobgoblin.
You squeeze the hobgoblin.
You kill the hobgoblin!
Okay, then.
The orc wizard closely misses you.
The orc hits you with a +2 trident of freezing.
The orc freezes you.
There is a stone staircase leading up here.
You block the orc wizard's attack.
The orc hits you with a +2 trident of freezing!
The orc freezes you.
You climb upwards.
There is a stone staircase leading down here.
The orc hits you from afar with a +2 trident of freezing.
The orc freezes you.
The orc wizard attacks as it pursues you!
The orc wizard barely misses you. The orc barely misses you.
The orc wizard gestures at you while chanting.
The magic dart hits you.
* * * LOW HITPOINT WARNING * * *
The orc hits you from afar with a +2 trident of freezing.
* * * LOW HITPOINT WARNING * * *
The orc freezes you.
You die...

#...# #....########.## #...#
#....#### ###... #...#
#.......# #..... #...#
#.......# #.....
#...####.......###.....
#...#............#.....
######...#...o.)......###+#.
#[...'........>.......# #..#
##.###.....h.o........# ####
#.# ####..############ #.#
#..# #.# #)## ####### #.#
#.## #P....# #### #.# #..#
#.###P# ####... #.# #..#
#.#.#.# #..#... #.# #..#
#P#.#.# ##.#... #.# #..#
#.#.#P# #..'...


You could see an orc wizard and an orc.

Vanquished Creatures
  A gnoll (D:1)
  An adder (D:2)
  2 dart slugs
  5 orcs (D:3)
  8 ball pythons
  5 endoplasms
  4 giant cockroaches
  3 goblins
  2 hobgoblins (D:3)
  2 jackals (D:2)
  4 quokkas
  6 bats
  6 frilled lizards
  3 kobolds
  7 rats
59 creatures vanquished.

Notes
Turn   | Place    | Note
-------+----------+-------------------------------------------
     0 | D:1      | Gelion the Octopode Shapeshifter began the quest for the
                  | Orb.
     0 | D:1      | Reached XP level 1. HP: 13/13 MP: 1/1
   159 | D:1      | Reached XP level 2. HP: 13/18 MP: 2/2
   515 | D:1      | Reached XP level 3. HP: 23/23 MP: 3/3
  1352 | D:2      | Reached skill level 4 in Unarmed Combat
  1430 | D:2      | Reached XP level 4. HP: 29/29 MP: 4/4
  1437 | D:2      | Found a faded altar of an unknown god.
  2042 | D:3      | Identified the +2 hand axe of Eternal Harmony {protect,
                  | Will- Str+4}
  2308 | D:2      | Slain by an orc

Illustrated notes

Levels and vault maps discovered:
D:1:      eino_arrival_tree_alley, layout_loops_ring, minmay_unequal
D:2:      layout_basic, serial_aquarium, aquarium_bridge_square
          [aquarium_subvault_wall, aquarium_subvault_wall,
          aquarium_subvault_wall, aquarium_subvault_bridge],
          aquarium_bridge_square [aquarium_subvault_balcony,
          aquarium_subvault_window, aquarium_subvault_bridge,
          aquarium_subvault_wall], aquarium_window_1, aquarium_window_1,
          aquarium_window_2, aquarium_window_2, aquarium_view_2d,
          aquarium_view_2f, aquarium_balcony_1a,
          hellmonk_ecumenical_altar_dog_temple
D:3:      layout_rooms, general_overflow_altar, ebering_ghost_inner_flame,
          st_stairs_13, grunt_ministairs_3, hangedman_decor_push,
          kennysheep_generic_room_13

Skill      XL: |  1  2  3  4 |
---------------+-------------+-----
Unarmed Combat | 4 |  4.2
Fighting       | 2 |  2.1
Dodging        | |  2.0
Shapeshifting  | |  3.5

Action                     |  1- 3 |  4- 6 || total
---------------------------+-------+-------++-------
  Melee: Unarmed           |    67 |    34 ||   101
         Constrict         |    17 |     5 ||    22
         Tentacles         |    13 |     8 ||    21
    Use: Scroll            |     3 |     3 ||     6
   Stab: Sleeping          |     9 |     2 ||    11
 Armour: Skin              |    19 |    21 ||    40
  Dodge: Dodged            |    32 |    17 ||    49
  Block: Other             |     5 |     5 ||    10

Table legend: (Time is in decaauts)
 A = Elapsed time spent in this place.
 B = Non-inter-level travel time spent in this place.
 C = Inter-level travel time spent in this place.
 D = Time resting spent in this place.
 E = Time spent auto-exploring this place.
 F = Levels seen in this place.
 G = Mean time per level.
                   A        B        C        D        E       F      G
               +--------+--------+--------+--------+--------+-----+--------+
         Total |   2304 |   2221 |     83 |    308 |   1498 |   3 |  768.0 |
       Dungeon |   2304 |   2221 |     83 |    308 |   1498 |   3 |  768.0 |
               +--------+--------+--------+--------+--------+-----+--------+

Top non-repeatable levels by time:
     D:2: 1293 daAuts
     D:1: 763 daAuts
     D:3: 248 daAuts
